 Dungeon Crawl Stone Soup version 0.22.1-2-g9c5b331383 (webtiles) character file.

628 Descartes the Sneak (level 7, -3/32 HPs)
             Began as a Vine Stalker Enchanter on Nov 21, 2018.
             Slain by a water moccasin zombie (5 damage)
             ... in an ossuary on Nov 22, 2018.
             The game lasted 00:16:40 (4602 turns).

Descartes the Sneak (Vine Stalker Enchanter)        Turns: 4602, Time: 00:16:40

Health: -3/32      AC:  4    Str: 11    XL:     7   Next: 48%
Magic:  0/13       EV: 12    Int: 17    God:
Gold:   135        SH:  0    Dex: 14    Spells: 6/12 levels left

rFire    . . .     SeeInvis .   a - +1 dagger
rCold    . . .     Gourm    .   (no shield)
rNeg     . . .     Faith    .   l - +0 leather armour
rPois    .         Spirit   +   j - +0 helmet
rElec    .         Reflect  .   (no cloak)
rCorr    .         Harm     .   (no gloves)
MR       .....                  (no boots)
Stlth    +++.......             (no amulet)
HPRegen  0.50/turn              (no ring)
MPRegen  0.13/turn              (no ring)

@: no status effects
A: fangs 2, regeneration 1, magic shield, antimagic bite, no potion heal 3, rot
immunity
a: no special abilities


You were in an ossuary.
You were very hungry.

You visited 1 branch of the dungeon, and saw 4 of its levels.
You also visited: Ossuary.

You collected 135 gold pieces.

Inventory:

Hand Weapons
 a - a +1 dagger (weapon)
Missiles
 g - 49 sling bullets
 i - 86 arrows
 m - 47 stones (quivered)
 y - 18 poisoned needles
Armour
 b - a +0 robe
 j - a +0 helmet (worn)
 l - a +0 leather armour (worn)
 w - a +0 chain mail of magic resistance
 D - a +0 cloak
Wands
 A - a wand of digging (13)
Scrolls
 c - a scroll of fear {unknown}
 e - 2 scrolls of immolation {unknown}
 f - 4 scrolls of teleportation {unknown}
 k - 4 scrolls of remove curse {unknown}
 o - a scroll of fog {unknown}
 p - a scroll of magic mapping {unknown}
 q - 4 scrolls of identify {unknown}
 s - 2 scrolls of enchant armour {unknown}
 u - 4 scrolls of blinking {unknown}
 z - a scroll of amnesia {unknown}
Potions
 h - 2 potions of might {unknown}
 n - 3 potions of agility {unknown}
 r - 2 potions of heal wounds {unknown}
 t - a potion of berserk rage {unknown}
 x - a potion of curing {unknown}
 B - a potion of degeneration {unknown}
 C - a potion of haste {unknown}
Comestibles
 d - 7 rations


   Skills:
 * Level 3.4 Short Blades
 + Level 2.5 Dodging
 + Level 5.1 Stealth
 + Level 1.6 Unarmed Combat
 + Level 3.3 Spellcasting
 * Level 4.6 Hexes
 * Level 2.7 Ice Magic


You had 6 spell levels left.
You knew the following spells:

 Your Spells              Type           Power        Failure   Level  Hunger
a - Corona                Hex            ###....      3%          1    None
b - Confuse               Hex            ###.....     10%         3    ###....
c - Ensorcelled Hibernat  Hex/Ice        ###...       8%          2    ##.....

Your spell library contained the following spells:

 Spells                   Type           Power        Failure   Level  Hunger
 Tukima's Dance           Hex            ###.....     10%         3    ###....
 Dazzling Spray           Conj/Hex       ##....       26%         3    ###....


Dungeon Overview and Level Annotations

Branches:
Dungeon (4/15)
 Temple: D:4-7

Altars:
Gozag
Nemelex Xobeh
Ru

Annotations:
D:4 3 runed doors, Cykl0x's ghost, amateur FoFi


Innate Abilities, Weirdness & Mutations

You have extremely sharp teeth.
Your natural rate of healing is unusually fast.
When hurt, damage is shared between your health and your magic reserves.
Your bite disrupts and absorbs the magic of your enemies.
Potions cannot restore your health.
You are immune to rotting.


Message History

* * * LOW HITPOINT WARNING * * *
You hit the water moccasin zombie.
Your bite misses the water moccasin zombie.
The water moccasin zombie is heavily damaged.
The water moccasin zombie bites you.
* * * LOW HITPOINT WARNING * * *
You barely miss the water moccasin zombie.
The water moccasin zombie is heavily damaged.
The water moccasin zombie bites you.
* * * LOW HITPOINT WARNING * * *
You hit the water moccasin zombie.
You bite the water moccasin zombie, but do no damage.
The water moccasin zombie is severely damaged.
The water moccasin zombie bites you.
* * * LOW HITPOINT WARNING * * *
You hit the water moccasin zombie.
Your bite misses the water moccasin zombie.
The water moccasin zombie is severely damaged.
The water moccasin zombie bites you.
You die...

^^# ^.# ### #+###
..# #...# ..# #...#
..# #... ..# #Z.
#'##############Z###
..#...'^...#...#@..#
^^#...#^.^^'...#^^^#
^.'...#...^#...'..∩#
####################


You could see a water moccasin zombie and an orc zombie.

Vanquished Creatures
  An ogre (D:4)
  3 water moccasin zombies (Ossuary)
  A howler monkey (D:4)
  A bullfrog zombie (D:2)
  Ijyb (D:3)
  4 worker ants (D:4)
  2 big kobold zombies (Ossuary)
  3 adders
  An ooze (D:2)
  3 worms
  3 dart slugs
  3 leopard geckos
  An orc (D:4)
  12 giant cockroaches
  A gnoll zombie (Ossuary)
  15 goblins
  8 hobgoblins
  11 jackals
  2 quokkas
  A ball python (D:3)
  6 bats
  9 frilled lizards
  5 hobgoblin zombies (Ossuary)
  5 kobolds
  4 kobold zombies (Ossuary)
  3 orc zombies (Ossuary)
  7 rats
116 creatures vanquished.

Notes
Turn   | Place    | Note
-------+----------+-------------------------------------------
     0 | D:1      | Descartes the Vine Stalker Enchanter began the quest for
                  | the Orb.
     0 | D:1      | Reached XP level 1. HP: 9/9 MP: 4/4
    41 | D:1      | Reached skill level 1 in Short Blades
   378 | D:1      | Reached XP level 2. HP: 13/13 MP: 6/6
   588 | D:1      | Reached skill level 4 in Stealth
   737 | D:1      | Reached XP level 3. HP: 16/16 MP: 7/7
  1225 | D:1      | You fall through a shaft!
  1957 | D:2      | Learned a level 3 spell: Confuse
  1961 | D:2      | Gained mutation: Your natural rate of healing is unusually
                  | fast. [Vine Stalker growth]
  1961 | D:2      | Reached XP level 4. HP: 21/21 MP: 8/8
  2100 | D:2      | Learned a level 2 spell: Ensorcelled Hibernation
  2260 | D:2      | Reached XP level 5. HP: 24/24 MP: 5/10
  2823 | D:3      | Found a sacrificial altar of Ru.
  2874 | D:3      | Reached skill level 1 in Ice Magic
  3275 | D:3      | Noticed Ijyb
  3320 | D:3      | Killed Ijyb
  3462 | D:3      | Found a sparkling altar of Nemelex Xobeh.
  3871 | D:4      | Reached XP level 6. HP: 28/28 MP: 11/11
  3943 | D:4      | Found an opulent altar of Gozag.
  4004 | D:4      | Reached skill level 1 in Unarmed Combat
  4133 | D:4      | Found a runed gate.
  4134 | D:4      | Found a runed gate.
  4135 | D:4      | Found a runed gate.
  4137 | D:4      | Noticed Cykl0x's ghost (amateur FoFi)
  4279 | D:4      | Found a sand-covered staircase.
  4286 | Ossuary  | Entered an ossuary
  4386 | Ossuary  | Reached XP level 7. HP: 3/32 MP: 12/12
  4462 | Ossuary  | Reached skill level 5 in Stealth
  4601 | Ossuary  | HP: 1/32 [water moccasin zombie (1)]
  4602 | Ossuary  | Slain by a water moccasin zombie

Skill      XL: |  1  2  3  4  5  6  7 |
---------------+----------------------+-----
Short Blades   | 1 2 3 |  3.4
Stealth        | 4 5 |  5.1
Dodging        | 2 |  2.5
Ice Magic      | 1 2 |  2.7
Hexes          | 4 |  4.6
Unarmed Combat | 1 |  1.6
Spellcasting   | 3 |  3.3

Action                   |  1- 3 |  4- 6 |  7- 9 || total
-------------------------+-------+-------+-------++-------
Melee: Dagger            |   135 |   234 |   119 ||   488
       Bite              |    27 |    57 |    39 ||   123
       Punch             |       |       |     1 ||     1
 Cast: Confuse           |       |    18 |       ||    18
       Ensorcelled Hiber |       |    13 |       ||    13
       Corona            |       |     1 |       ||     1
Evoke: Wand              |       |     1 |       ||     1
 Stab: Sleeping          |     4 |    16 |     3 ||    23
       Distracted        |     2 |     2 |       ||     4
       Confused          |       |     5 |       ||     5
  Eat: Chunk             |     3 |    11 |       ||    14
Armor: Robe              |    30 |     5 |       ||    35
       Leather armour    |       |    45 |    16 ||    61
Dodge: Dodged            |    68 |   117 |    36 ||   221
